 Dungeon Crawl Stone Soup version 0.19-a0-1899-g2d93087 (webtiles) character file.

44 HumanTension the Skirmisher (level 3, 0/43 HPs)
             Began as a Demonspawn Berserker on Oct 19, 2016.
             Was a Believer of Trog.
             Succumbed to an adder's poison
             ... on level 2 of the Dungeon.
             The game lasted 00:07:40 (992 turns).

HumanTension the Skirmisher (Demonspawn Berserker)   Turns: 992, Time: 00:07:40

Health: 0/43       AC: 21    Str: 18    XL:     3   Next: 41%
Magic:  3/3        EV:  2    Int:  8    God:    Trog [**....]
Gold:   107        SH:  0    Dex: 17    Spells: 0 memorised, 2 levels left

rFire  + . .     SeeInvis .     a - +0 falchion
rCold  + . .     Gourm    .     (armour currently unavailable)
rNeg   + + +     Faith    .     (no shield)
rPois  +         Spirit   .     (helmet currently unavailable)
rElec  +         Reflect  .     (cloak currently unavailable)
rCorr  +         Harm     .     (gloves currently unavailable)
MR     .....     NoTele   +     (boots currently unavailable)
Stlth  +++.......               (no amulet)
                                (no ring)
                                (no ring)

@: agile, lethally poisoned (0 -> -3), tree-form, resistant, very slightly
contaminated, invisible
A: (sturdy frame 0)
a: Berserk, Trog's Hand, Burn Spellbooks, Renounce Religion


You were on level 2 of the Dungeon.
You worshipped Trog.
Trog was pleased with you.
You were not hungry.
You were a tree.
You visited 1 branch of the dungeon, and saw 2 of its levels.

You collected 107 gold pieces.

Inventory:

Hand Weapons
 a - a +0 falchion (weapon)
Armour
 b - a +0 animal skin (melded)
 k - a +0 pair of gloves (melded)
 n - a +0 pair of boots (melded)
Jewellery
 j - a +2 ring of slaying {unknown}
Scrolls
 g - a scroll of enchant armour
 h - 6 scrolls of identify
 i - a scroll of enchant weapon {unknown}
 l - 2 scrolls of noise {unknown}
 o - a scroll of teleportation {unknown}
 q - a scroll of amnesia {unknown}
Comestibles
 c - 2 bread rations
 d - 3 meat rations
 m - 2 fruits


   Skills:
 + Level 3.5 Fighting
 + Level 3.3 Long Blades
 + Level 2.1 Armour
 + Level 2.0 Dodging


You had 2 spell levels left.
You didn't know any spells.

Dungeon Overview and Level Annotations

Branches:
Dungeon (2/15)

Altars:


Innate Abilities, Weirdness & Mutations

((Your movements are slightly less encumbered by armour. (ER -2)))


Message History

The adder poisons you!
As you read the scroll labeled CAEGETROAM, it crumbles to dust.
You feel blessed for a moment.
It was a scroll of remove curse.
* * * LOW HITPOINT WARNING * * *
You feel sick.
The adder bites you but does no damage. x2
The leopard gecko barely misses you.
As you read the scroll labeled FIACUE ADEECI, it crumbles to dust.
It is a scroll of identify.
g - a scroll of enchant armour
* * * LOW HITPOINT WARNING * * *
You feel sick. The adder bites you but does no damage.
The leopard gecko barely misses you.
Okay, then.
You aren't carrying any potions.
You start eating one of the 3 fruits.
The adder bites you but does no damage.
The leopard gecko bites you but does no damage.
That apple was delicious!
You hit the adder.
The adder is lightly wounded.
You die...

###... ###.# #.## ..#.# #.#
#.#.# .# #.#.# .# # #.#.#
##.## #.#.#.# #....
##.#.....###############....
...?......S♣................
........†.l...#..........(#
#######.#####.#.########.##
#.# #.#.# #.## #.# #.#.#
#..# #.# #.#.# ##.# #.#
#...# #.# .$# ##### #.##
#..#


You could see an adder and a leopard gecko.

Vanquished Creatures
  2 worms (D:2)
  A leopard gecko (D:2)
  6 bats
  3 giant cockroaches (D:1)
  4 goblins
  4 hobgoblins
  6 jackals
  3 kobolds
  2 rats (D:1)
31 creatures vanquished.

Notes
Turn   | Place    | Note
-------+----------+-------------------------------------------
     0 | D:1      | HumanTension the Demonspawn Berserker began the quest for the Orb.
     0 | D:1      | Reached XP level 1. HP: 18/18 MP: 1/1
   123 | D:1      | Gained mutation: Your movements are slightly less encumbered by armour. (ER -2) [demonic ancestry]
   123 | D:1      | Reached XP level 2. HP: 24/24 MP: 2/2
   703 | D:2      | Reached XP level 3. HP: 29/29 MP: 3/3
   841 | D:2      | Reached ** piety under Trog
   989 | D:2      | HP: 2/43 [poisoned by an adder]
   992 | D:2      | Succumbed to an adder's poison

Vault maps used:
D:1:      mrwooster_arrival_arrow, serial_bayou_pond_a

Skill      XL: |  1  2 |
---------------+-------+-----
Armour         | 2 |  2.1
Long Blades    | 3 |  3.3
Dodging        | 2 |  2.0
Fighting       | |  3.5

Action                   || total
-------------------------++-------
Melee: Falchion          ||   101
Invok: Berserk           ||     4
       Trog's Hand       ||     1
  Use: Potion            ||     4
       Scroll            ||     2
 Stab: Invisible         ||     1
  Eat: Fruit             ||     2
       Meat ration       ||     1
       Pizza             ||     1
Armor: Animal skin       ||    21
       Skin              ||    21
Dodge: Dodged            ||    66
       Rpst.: Falchion   ||    24
